 Dungeon Crawl Stone Soup version 0.29.0-13-gc9e81de378 (webtiles) character file.

Game seed: 16126040041685492950

492 RePankoism the Shooter (level 6, -10/33 HPs)
             Began as a Spriggan Arcane Marksman on Sept 8, 2022.
             Mangled by Crazy Yiuf
             ... wielding a +4 quarterstaff of chaos
              (12 damage)
             ... on level 4 of the Dungeon on Sept 9, 2022.
             The game lasted 00:12:07 (5130 turns).

RePankoism the Shooter (Spriggan Arcane Marksman)   Turns: 5130, Time: 00:12:08

Health: -10/33     AC:  2    Str:  6    XL:     6   Next: 91%
Magic:  9/9        EV: 18    Int: 14    God:
Gold:   221        SH:  0    Dex: 24    Spells: 6/7 levels left

rFire   + . .      SeeInvis +   a - +1 sling
rCold   + . .      Faith    .   (no shield)
rNeg    . . .      Spirit   .   c - +0 robe
rPois   .          Reflect  .   (helmet restricted)
rElec   .          Harm     .   v - scarf {rC+ rF+}
rCorr   +          Rampage  .   (gloves unavailable)
Will    +....                   (boots unavailable)
Stlth   ++........              (no amulet)
HPRegen 0.11/turn               e - ring of resist corrosion
MPRegen 0.11/turn               r - +6 ring of dexterity

@: slowed, quick
A: very small, no large weapons, unfitting armour, see invisible, speed 3
a: no special abilities


You were on level 4 of the Dungeon.
You visited 1 branch of the dungeon, and saw 4 of its levels.

You collected 221 gold pieces.

Inventory:

Hand Weapons
 a - a +1 sling (weapon)
Missiles
 f - 6 silver javelins
Armour
 c - a +0 robe (worn)
 v - a scarf of resistance (worn)
Magical Staves
 l - a staff of conjuration
Jewellery
 d - a ring of protection from cold
 e - a ring of resist corrosion (left hand)
 p - a ring of positive energy
 r - a +6 ring of dexterity (right hand)
Scrolls
 b - a scroll of poison
 g - 4 scrolls of identify {unknown}
 h - a scroll of enchant weapon {unknown}
 m - 3 scrolls of amnesia {unknown}
 o - 3 scrolls of teleportation {unknown}
 q - a scroll of vulnerability {unknown}
Potions
 i - 3 potions of curing {unknown}
 j - 3 potions of heal wounds {unknown}
 k - a potion of resistance {unknown}
 n - 2 potions of attraction {unknown}
 s - a potion of haste {unknown}
 u - a potion of berserk rage {unknown}


   Skills:
 + Level 4.2 Fighting
 + Level 5.4 Ranged Weapons
 - Level 2.6 Dodging
 - Level 1.3 Spellcasting
 - Level 3.6 Hexes


You had 6 spell levels left.
You knew the following spells:

 Your Spells              Type           Power      Damage    Failure   Level
a - Slow                  Hex            44%        N/A       6%          1

Your spell library contained the following spells:

 Spells                   Type           Power      Damage    Failure   Level
 Necrotise                Necr           0%         1d4       26%         1
 Poisonous Vapours        Pois/Air       0%         N/A       36%         2
 Inner Flame              Hex/Fire       6%         N/A       36%         3
 Portal Projectile        Hex/Tloc       12%        N/A       36%         3
 Cause Fear               Hex            5%         N/A       50%         4
 Vampiric Draining        Necr           0%         2d6       58%         3
 Corpse Rot               Necr/Pois/Air  0%         N/A       94%         4
 Agony                    Necr           0%         N/A       100%        5


Dungeon Overview and Level Annotations

Branches:
Dungeon (4/15)
 Temple: D:4-7

Altars:
The Shining One

Shops:
D:2 *

Annotations:
D:4 Crazy Yiuf


Innate Abilities, Weirdness & Mutations

You are very small and have problems with some larger weapons.
You are too small for most types of armour.
You have supernaturally acute eyesight. (SInv)
You cover ground extremely quickly. (Speed+++)


Message History

Could not explore, unopened runed door.
Could not explore, unopened runed door.
Could not explore, unopened runed door.
Could not explore, unopened runed door.
Crazy Yiuf shouts!
Could not explore, unopened runed door.
Level annotation: 1 runed translucent door, Crazy Yiuf Welcome back, RePankoism the Spriggan Arcane Marksman.
Press ? for a list of commands and other information.
You open the door. You shoot a sling bullet.
The sling bullet barely misses Crazy Yiuf.
Crazy Yiuf hits you with a +4 quarterstaff of chaos!
You feel yourself slow down.
You take 16 damage, and have 17/33 hp.
MASSIVE DAMAGE!!
Sorry, you're not good enough to have a special ability.
Casting: Slow (safe; 6% risk of failure)
Confirm with . or Enter, or press ? or * to list all spells.
Aiming: Slow (safe; 6% risk of failure)
Press: ? - help, Shift-Dir - straight line, f/p - Crazy Yiuf
Aim: Crazy Yiuf, wielding a +4 quarterstaff of chaos and wearing a +2 cloak (chance to affect: 58%) Crazy Yiuf seems to slow down.
You now have 8/9 mp.
Crazy Yiuf whimpers, "Announcement!
Cake King illywillydillykilly."
Fire: a) +1 sling
Press: ? - help, Q - select action, (/) - cycle Shift-Dir - straight line, f/p - Crazy Yiuf
Aim: Crazy Yiuf, wielding a +4 quarterstaff of chaos and wearing a +2 cloak (slow, 70% to hit)
You shoot a sling bullet.
The sling bullet completely misses Crazy Yiuf.
MP restored: 9 Fire: a) +1 sling
Press: ? - help, Q - select action, (/) - cycle Shift-Dir - straight line, f/p - Crazy Yiuf
Aim: Crazy Yiuf, wielding a +4 quarterstaff of chaos and wearing a +2 cloak (slow, 70% to hit)
You shoot a sling bullet. The sling bullet hits Crazy Yiuf.
Crazy Yiuf is moderately wounded.
Crazy Yiuf hits you with a +4 quarterstaff of chaos!
Ouch! That really hurt!
* * * LOW HITPOINT WARNING * * *
You are electrocuted!
You die...

#.##.# #.........#
#.##.#######.#########
#............#
##.#####.##### #.# #.#
#.# #.# #.# #.# ####
#.# #.# ...# #.# #@#
##.# #.# #g# ##### #.#
#.# #.## #.... ### ###
##.## #.### #..####
#.# ♣♣♣♣♣##.....# #.#
### ♣♣♣.♣..#...##.#
#.#
#...#♣..♣.......##.#
#.###
#...'.♣♣♣♣......##.#
#....


You could see Crazy Yiuf (slow).

Vanquished Creatures
  A phantom (D:4)
  2 scorpions (D:4)
  2 hounds (D:4)
  2 jellies (D:4)
  6 adders
  A worm (D:4)
  15 orcs
  5 ball pythons
  6 bats
  6 endoplasms
  7 giant cockroaches
  3 goblins
  13 hobgoblins
  15 jackals
  3 kobolds
  5 quokkas
  4 frilled lizards
  8 rats
104 creatures vanquished.

Notes
Turn   | Place    | Note
-------+----------+-------------------------------------------
     0 | D:1      | RePankoism the Spriggan Arcane Marksman began the quest for
                  | the Orb.
     0 | D:1      | Reached XP level 1. HP: 9/9 MP: 3/3
    40 | D:1      | Reached skill level 1 in Fighting
   116 | D:1      | Reached XP level 2. HP: 3/14 MP: 0/5
   800 | D:1      | Found a faded altar of an unknown god.
  1346 | D:1      | Reached XP level 3. HP: 18/18 MP: 6/6
  1765 | D:2      | Reached skill level 3 in Ranged Weapons
  2641 | D:2      | Found Siuhip's General Store.
  2859 | D:3      | Reached XP level 4. HP: 23/23 MP: 7/7
  3243 | D:3      | Found a glowing golden altar of the Shining One.
  3612 | D:4      | Reached XP level 5. HP: 23/28 MP: 8/8
  3692 | D:4      | Noticed a phantom
  3707 | D:4      | Killed a phantom
  3708 | D:4      | Reached skill level 4 in Ranged Weapons
  4122 | D:4      | Reached XP level 6. HP: 24/32 MP: 9/9
  4245 | D:4      | Reached skill level 5 in Ranged Weapons
  4565 | D:4      | Found a runed translucent door.
  4566 | D:4      | Noticed Crazy Yiuf
  5130 | D:4      | Mangled by Crazy Yiuf

Illustrated notes

Levels and vault maps discovered:
D:1:      ncdulo_watergridlock, layout_loops_ring,
          shapermc_ecumenical_altar_totnotflames, patterned_corridor
D:2:      layout_rooms, serial_shops, nicolae_square_shop, serial_glass,
          glass_columns_a, glass_columns_c, glass_columns_c, glass_columns_c,
          glass_columns_b, glass_columns_a, glass_columns_c, glass_columns_a
D:3:      layout_basic, tso_altar, st_stairs_10, item_on_display_b
D:4:      layout_loops_ring, minmay_fractal_squares_5, uniq_crazy_yiuf_cottage

Skill      XL: |  1  2  3  4  5  6 |
---------------+-------------------+-----
Fighting       | 1 2 3 4 |  4.2
Ranged Weapons | 3 4 5 |  5.4
Dodging        | |  2.6
Spellcasting   | |  1.3
Hexes          | |  3.6

Action                   |  1- 3 |  4- 6 || total
-------------------------+-------+-------++-------
 Fire: Sling             |   181 |   200 ||   381
 Cast: Slow              |     2 |     1 ||     3
  Use: Scroll            |     1 |     1 ||     2
Armor: Robe              |     8 |    11 ||    19
Dodge: Dodged            |   144 |    87 ||   231
